Map: Rhoskallian LE

Players

qqq - Winner!

  • Race: Protoss Protoss
  • League: Platinum
  • Spawn Location: 11:00

Massa - Winner!

  • Race: Terran Terran
  • League: Gold
  • Spawn Location: 12:00

Tobi

  • Race: Zerg Zerg
  • League: Diamond
  • Spawn Location: 6:00

Flomo

  • Race: Protoss Protoss
  • League: Platinum
  • Spawn Location: 5:00

VOD

Have the link to the VOD?

Description

Time

  • Played on: Aug. 11, 2020, 12:30 p.m.
  • Length: 11:51
Show
View Real Time Build Order
Export as new Build Order

qqq Protoss - Winner!

Build Orders: Cannon Rush 

Get SALT Encoding   

  12  0:00  Probe  
  13  0:12  Probe  
  14  0:23  Pylon  
  14  0:25  Probe  
  15  0:41  Probe  
  16  0:44  Forge  
  16  0:53  Probe  
  17  1:03  Pylon  
  17  1:05  Probe  
  18  1:12  Pylon  
  18  1:24  Photon Cannon  
  18  1:38  Photon Cannon  
  18  1:40  Pylon  
  18  1:47  Pylon  
  18  1:49  Photon Cannon  
  18  1:56  Pylon  
  17  2:21  Photon Cannon  
  17  2:43  Nexus  
  17  2:45  Pylon  
  17  2:49  Probe  
  18  2:58  Gateway  
  18  3:00  Assimilator  
  18  3:16  Photon Cannon  
  18  3:23  Probe  
  19  3:29  Assimilator  
  19  3:35  Probe  
  20  3:43  Photon Cannon  
  20  3:47  Probe  
  21  3:53  Photon Cannon  
  21  3:59  Probe  
  22  4:03  Probe  
  23  4:15  Probe x2 (Chrono Boost)  
  25  4:21  Gateway  
  26  4:24  Probe (Chrono Boost)  
  26  4:48  Probe  
  28  4:52  Probe  
  28  5:01  Probe  
  29  5:13  Probe  
  30  5:25  Probe  
  31  5:37  Probe  
  32  5:49  Cybernetics Core  
  32  5:51  Pylon  
  32  5:53  Pylon  
  32  5:57  Probe  
  32  6:02  Pylon  
  32  6:03  Pylon  
  33  6:05  Assimilator  
  33  6:07  Pylon  
  33  6:09  Probe, Assimilator  
  34  6:21  Probe  
  34  6:22  Photon Cannon  
  35  6:28  Photon Cannon  
  35  6:33  Probe  
  36  6:40  Stargate  
  36  6:42  Stargate  
  36  6:45  Probe, Stargate  
  36  6:46  Probe, Stargate  
  38  6:55  Nexus  
  38  6:57  Probe, Protoss Air Weapons Level 1  
  38  6:58  Probe  
  38  6:59  Pylon  
  40  7:03  Pylon  
  40  7:09  Probe  
  41  7:21  Probe  
  42  7:22  Photon Cannon  
  42  7:25  Photon Cannon  
  42  7:27  Photon Cannon  
  42  7:29  Phoenix  
  44  7:34  Probe  
  44  7:35  Phoenix  
  47  7:41  Phoenix  
  49  7:47  Phoenix  
  51  7:54  Phoenix  
  53  8:00  Phoenix  
  55  8:10  Probe  
  56  8:13  Robotics Facility  
  56  8:18  Phoenix  
  58  8:22  Probe  
  59  8:28  Phoenix  
  62  8:34  Probe, Phoenix  
  62  8:41  Phoenix  
  66  8:46  Probe  
  67  8:50  Phoenix  
  67  8:53  Phoenix  
  71  8:58  Probe  
  72  9:06  Protoss Air Armor Level 1  
  72  9:13  Phoenix  
  72  9:14  Phoenix  
  72  9:15  Phoenix  
  78  9:18  Phoenix  
  78  9:19  Probe  
  81  9:31  Probe  
  82  9:44  Probe  
  83  9:49  Phoenix x3  
  83  9:50  Phoenix  
  91  9:56  Probe  
  91  9:59  Assimilator  
  92  10:04  Assimilator  
  92  10:08  Probe  
  92  10:10  Nexus  
  93  10:15  Fleet Beacon  
  93  10:17  Phoenix, Pylon  
  93  10:20  Probe, Pylon  
  96  10:21  Pylon  
  96  10:22  Observer  
  97  10:32  Probe  
  98  10:44  Probe  
  99  10:51  Phoenix x3  
  105  11:18  Phoenix x3  
  105  11:21  Probe  
  112  11:33  Probe  
Show
View Real Time Build Order
Export as new Build Order

Massa Terran - Winner!

Build Orders:  

Get SALT Encoding   

  12  0:01  SCV  
  13  0:13  SCV  
  14  0:25  SCV, Supply Depot  
  15  0:46  SCV  
  15  0:48  Barracks  
  16  0:52  Refinery  
  16  0:58  SCV  
  17  1:11  SCV  
  18  1:22  Barracks  
  18  1:23  SCV  
  19  1:33  Supply Depot  
  19  1:35  SCV  
  20  1:43  Reaper  
  21  1:48  Orbital Command  
  21  2:08  Refinery  
  21  2:09  Reaper  
  21  2:11  Supply Depot  
  22  2:20  Reaper  
  23  2:40  SCV  
  24  2:51  Command Center  
  24  2:52  Factory  
  24  2:59  Marine x2  
  26  3:17  Marine x2  
  28  3:35  Marine  
  28  4:06  Factory Tech Lab  
  28  4:07  Marine x2  
  30  4:11  SCV x2  
  32  4:17  Factory  
  32  4:22  Barracks  
  32  4:23  SCV x2  
  34  4:25  Marine x2  
  34  4:26  Siege Tank  
  39  4:35  SCV  
  41  4:38  Engineering Bay  
  41  4:41  Orbital Command  
  40  4:47  SCV  
  41  4:59  SCV  
  40  5:09  SCV  
  40  5:11  SCV  
  40  5:13  Barracks Tech Lab  
  42  5:20  Factory Tech Lab  
  42  5:21  SCV, Barracks Tech Lab  
  43  5:23  SCV, Siege Tank  
  47  5:33  Starport, SCV  
  47  5:35  Refinery, SCV  
  48  5:39  Marauder  
  51  5:43  Marine  
  51  5:44  Marauder  
  54  5:51  Supply Depot  
  54  5:53  Supply Depot  
  54  5:57  Supply Depot  
  54  6:12  Marine  
  54  6:13  SCV, Marauder, Siege Tank  
  54  6:15  Stimpack  
  54  6:16  Combat Shield  
  61  6:24  Command Center  
  61  6:32  Barracks  
  61  6:37  Missile Turret  
  61  6:41  Missile Turret  
  61  6:43  Marauder x2, Marine  
  66  6:52  SCV x2  
  68  7:01  Marine, Missile Turret  
  69  7:02  Missile Turret  
  69  7:04  SCV x2  
  69  7:05  Marauder  
  69  7:07  Terran Infantry Weapons Level 1  
  73  7:11  Engineering Bay  
  76  7:15  Siege Tank  
  76  7:18  Marauder  
  78  7:23  Missile Turret  
  78  7:25  Supply Depot  
  78  7:29  Refinery  
  78  7:35  Supply Depot  
  78  7:36  SCV x2, Marine  
  81  7:37  Supply Depot  
  81  7:38  Armory  
  81  7:52  Medivac  
  81  7:54  Concussive Shells  
  83  8:03  SCV x2  
  85  8:14  Sensor Tower  
  85  8:15  SCV x2  
  85  8:17  Orbital Command  
  87  8:27  SCV x2  
  89  8:38  Marauder x2  
  89  8:39  SCV x2  
  94  8:51  SCV x2  
  95  9:00  Marauder x2  
  99  9:03  SCV  
  99  9:04  SCV  
  101  9:11  Widow Mine x2  
  101  9:13  Marine x2  
  105  9:21  Marauder x2  
  107  9:30  Command Center  
  107  9:34  Supply Depot  
  107  9:55  Marine  
  107  9:56  Widow Mine  
  107  9:59  Supply Depot  
  110  10:20  Marauder x2, Marine  
  115  10:22  SCV  
  115  10:23  SCV  
  115  10:24  Command Center  
  117  10:35  SCV  
  118  10:41  Sensor Tower, Marine, SCV  
  118  10:42  Marauder x2  
  124  10:43  Supply Depot  
  124  10:44  Supply Depot  
  124  10:46  Supply Depot  
  124  10:47  SCV, Marine  
  126  10:53  SCV  
  128  10:59  SCV, Marine  
  128  11:00  Orbital Command  
  128  11:03  Marauder x2  
  133  11:04  Marine  
  133  11:05  SCV  
  133  11:08  Supply Depot  
  133  11:09  Supply Depot  
  133  11:11  SCV  
  136  11:17  Marine  
  136  11:18  SCV  
  138  11:22  Marine  
  138  11:23  SCV  
  138  11:25  Marauder x2  
  144  11:30  SCV  
  142  11:34  Supply Depot  
Show
View Real Time Build Order
Export as new Build Order

Tobi Zerg 

Build Orders: Hatch First 

Get SALT Encoding   

  12  0:00  Drone  
  13  0:13  Overlord  
  13  0:22  Drone  
  14  0:34  Drone x2  
  16  0:53  Hatchery  
  16  0:55  Drone  
  16  0:57  Drone  
  16  1:01  Drone  
  18  1:05  Extractor  
  17  1:22  Spawning Pool  
  16  1:42  Drone x3  
  19  2:12  Roach Warren  
  16  2:33  Hatchery  
  16  2:34  Overlord  
  15  2:38  Overlord  
  15  2:53  Overlord  
  15  2:54  Drone  
  15  2:56  Queen  
  18  3:14  Drone x2  
  19  3:43  Drone, Zergling x2  
  19  3:44  Zergling x2  
  22  3:49  Roach  
  24  4:05  Queen  
  24  4:07  Roach x2  
  30  4:16  Roach  
  30  4:40  Roach x2  
  34  5:02  Roach x2  
  34  5:03  Roach  
  35  5:19  Roach x2  
  36  5:36  Roach  
  36  5:38  Overlord x3  
  38  5:51  Hatchery  
  37  6:02  Drone x3, Extractor  
  39  6:26  Roach x2  
  39  6:31  Drone x3  
  46  6:35  Lair  
  46  6:50  Drone x2  
  48  7:05  Roach x5  
  58  7:16  Roach x2  
  62  7:38  Nydus Network  
  62  7:40  Roach  
  62  7:43  Overlord x2  
  63  7:48  Drone x2  
  65  8:04  Roach x5  
  75  8:47  Nydus Canal  
  75  8:52  Overlord x4  
  75  9:22  Roach  
  75  9:23  Roach x13  
  101  9:34  Baneling Nest  
  101  9:36  Drone  
  101  9:37  Drone x3  
  90  10:03  Glial Reconstitution  
  90  10:07  Extractor, Drone  
  90  10:08  Drone x2  
  90  10:09  Drone x3  
  90  10:10  Drone  
  96  10:19  Zergling x2  
  96  10:20  Zergling x6  
  98  10:47  Overlord  
  98  10:48  Overlord x5  
  95  11:04  Overlord x3  
  87  11:26  Overlord x3  
  87  11:27  Overlord  
Show
View Real Time Build Order
Export as new Build Order

Flomo Protoss 

Build Orders: Blink Stalkers 

Get SALT Encoding   

  12  0:01  Probe  
  13  0:13  Probe  
  14  0:20  Pylon  
  14  0:26  Probe  
  15  0:38  Probe  
  15  0:42  Gateway  
  16  0:50  Probe  
  16  0:52  Assimilator  
  17  1:04  Probe  
  18  1:20  Assimilator  
  18  1:35  Cybernetics Core  
  18  1:37  Gateway, Pylon  
  15  2:20  Probe  
  16  2:30  Stalker (Chrono Boost)  
  16  2:32  Probe  
  19  2:42  Warp Gate  
  19  2:44  Probe  
  20  3:04  Shield Battery  
  20  3:07  Twilight Council  
  20  3:31  Probe  
  20  3:32  Stalker (Chrono Boost)  
  23  3:41  Blink (Chrono Boost)  
  23  3:43  Probe  
  21  4:02  Probe (Chrono Boost)  
  22  4:12  Probe (Chrono Boost)  
  22  4:13  Gateway  
  22  4:15  Gateway  
  23  4:17  Pylon  
  23  4:18  Pylon  
  23  4:24  Pylon  
  23  4:32  Stalker  
  23  4:33  Stalker  
  27  4:56  Stalker x2  
  27  4:59  Probe  
  32  5:10  Stalker  
  33  5:42  Probe  
  33  5:55  Probe  
  33  5:56  Charge (Chrono Boost)  
  34  6:04  Nexus  
  34  6:07  Probe  
  35  6:15  Stalker x2  
  39  6:23  Probe  
  40  6:26  Pylon  
  40  6:41  Pylon  
  40  6:42  Probe  
  41  6:47  Stalker  
  41  6:54  Probe  
  44  6:58  Robotics Facility  
  44  7:06  Probe  
  45  7:09  Stalker  
  45  7:13  Sentry  
  49  7:17  Probe  
  50  7:34  Probe x2  
  52  7:37  Assimilator  
  52  7:46  Probe x2  
  50  8:05  Stalker x4  
  58  8:09  Probe x2  
  58  8:11  Assimilator  
  60  8:21  Probe x2  
  62  8:33  Probe  
  62  8:34  Probe  
  48  9:15  Probe x2  
  48  9:20  Immortal (Chrono Boost)  
  52  9:27  Probe  
  52  9:28  Probe  
  54  9:32  Stalker x3  
  54  9:33  Stalker  
  54  9:35  Nexus  
  54  9:37  Pylon  
  62  9:39  Pylon  
  62  9:41  Forge  
  62  9:52  Probe  
  63  10:03  Probe  
  64  10:09  Forge  
  64  10:11  Probe  
  65  10:15  Probe  
  65  10:18  Sentry x4  
  74  10:23  Probe  
  74  10:26  Templar Archives  
  74  10:27  Probe  
  76  10:39  Stalker x2  
  76  10:40  Stalker x2  
  84  10:57  Stalker x2  
  84  10:58  Stalker  
  84  10:59  Stalker  
  92  11:04  Probe x3  
  92  11:08  Assimilator  
  95  11:12  Assimilator  
  95  11:21  Stalker x3  
Tags
 
Add a new tag
Caveats
  • Supply blocks, unpowered buildings, or Contaminate may cause inaccurate times.
  • Supply counts are checked every 10 seconds.